 Dungeon Crawl Stone Soup version 0.25-a0-699-g25a338df49 (webtiles) character file.

Game seed: 5815224153398786219, levelgen mode: deterministic

381 Glundar the Shield-Bearer (level 6, -5/48 HPs)
             Began as a Demonspawn Fighter on Apr 2, 2020.
             Slain by a slave (6 damage)
             ... led by Pikel
             ... on level 4 of the Dungeon.
             The game lasted 00:13:26 (3437 turns).

Glundar the Shield-Bearer (Demonspawn Fighter)      Turns: 3437, Time: 00:13:27

Health: -5/48      AC:  8    Str: 18    XL:     6   Next: 46%
Magic:  6/6        EV:  7    Int:  9    God:
Gold:   170        SH: 10    Dex: 13    Spells: 5/5 levels left

rFire    . . .     SeeInvis .   a - +0 broad axe
rCold    . . .     Gourm    +   c - +0 kite shield
rNeg     . . .     Faith    .   B - +0 scale mail
rPois    .         Spirit   .   r - +0 helmet
rElec    .         Reflect  .   (no cloak)
rCorr    .         Harm     .   (no gloves)
MR       .....                  (no boots)
Stlth    ..........             u - amulet of the gourmand
HPRegen  0.16/turn              w - +2 ring of slaying
MPRegen  0.10/turn              (no ring)

@: mighty
A: claws 1, rugged brown scales 1, demonic guardian 1, spiny 1
a: no special abilities


You were on level 4 of the Dungeon.
You were not hungry.

You visited 1 branch of the dungeon, and saw 4 of its levels.
You also visited: Sewer.

You collected 170 gold pieces.

Inventory:

Hand Weapons
 a - a +0 broad axe (weapon)
 h - a +2 short sword of venom
 x - a +1 vorpal falchion
 A - a +0 war axe
Missiles
 e - 13 sling bullets
 j - 54 stones (quivered)
Armour
 c - a +0 kite shield (worn)
 r - a +0 helmet (worn)
 B - a +0 scale mail (worn)
Jewellery
 u - an amulet of the gourmand (around neck)
 w - a +2 ring of slaying (left claw)
 y - an uncursed amulet of magic regeneration
Wands
 n - a wand of flame (19)
Scrolls
 i - a scroll of fog
 k - 5 scrolls of teleportation {unknown}
 m - 3 scrolls of remove curse
 p - 5 scrolls of random uselessness {unknown}
 s - a scroll of enchant armour {unknown}
 t - 2 scrolls of identify {unknown}
 v - a scroll of enchant weapon {unknown}
Potions
 g - 3 potions of resistance {unknown}
 l - 3 potions of heal wounds {unknown}
 o - a potion of brilliance {unknown}
 q - a potion of experience {unknown}
 z - a potion of flight {unknown}
Comestibles
 f - 6 rations


   Skills:
 - Level 3.2 Fighting
 - Level 2.2 Long Blades
 + Level 3.4 Axes
 - Level 3.0 Armour
 + Level 5.0 Shields
 - Level 0.2 Unarmed Combat


You had 5 spell levels left.
You didn't know any spells.
Your spell library contained the following spells:

 Spells                   Type           Power        Failure   Level  Hunger
 Beastly Appendage        Tmut           #.....       99%         1    ##.....
 Corona                   Hex            #......      99%         1    ##.....
 Ensorcelled Hibernation  Hex/Ice        #.....       100%        2    ###....
 Sticks to Snakes         Tmut           #.......     100%        2    ###....
 Confusing Touch          Hex            #.......     100%        3    ####...
 Dazzling Flash           Conj/Hex       #.....       100%        3    ####...
 Spider Form              Tmut/Pois      #.........   100%        3    ####...
 Tukima's Dance           Hex            #.......     100%        3    ####...
 Ice Form                 Ice/Tmut       #.......     100%        4    #####..
 Blade Hands              Tmut           #.........   100%        5    ######.


Dungeon Overview and Level Annotations

Branches:
Dungeon (4/15)              Sewer (visited)
 Temple: D:4-7

Altars:
Fedhas
Ru
Wu Jian

Shops:
D:4 !

Annotations:
D:4 Pikel


Innate Abilities, Weirdness & Mutations

You have sharp fingernails.
You are partially covered in rugged brown scales. (AC +1, +3% HP)
A weak demonic guardian rushes to your aid.
You are partially covered in sharp spines.


Message History

Your quasit completely misses the slave.
Your quasit claws the slave but does no damage.
Your quasit barely misses the slave.
Your shadow imp closely misses the slave.
You block the goblin's attack. You block Pikel's attack.
The slave barely misses you.
You hit the slave.
The slave is lightly wounded.
You barely miss the goblin. You slash Pikel! You slash the slave!
The slave hits you.
* * * LOW HITPOINT WARNING * * *
Your quasit barely misses the slave.
Your quasit claws the slave but does no damage.
Your quasit barely misses the slave.
Your shadow imp hits the slave.
You block the goblin's attack. You block Pikel's attack.
The slave hits your quasit.
Your quasit bites the slave but does no damage.
Your quasit barely misses the slave.
Your quasit claws the slave.
The slave hits you.
You die...

.. ### #. #.. ###
##.## #.#
..##...###.##
#........#..#####
#.#........∩5pKp###g.
#........#.##@gggggg.
#..........##p###g##.
###........#...5#
#...#.....#####.#
##.#......## #$..
##.#####..#######. .
.#.######.........
.........<...####..
.#.######.#..#


You could see Pikel, 3 slaves, 2 hobgoblins, 6 goblins, a friendly quasit and a
friendly shadow imp.

Vanquished Creatures
  Menkaure (D:4)
  Purgy (Sewer)
  A slave (D:4)
  A bullfrog zombie (D:2)
  An orc priest (D:4)
  3 orc wizards
  An adder (D:2)
  An ooze (D:1)
  2 worms (D:2)
  3 dart slugs
  2 leopard geckos
  3 orcs
  3 bats
  6 giant cockroaches
  9 goblins
  3 hobgoblins
  6 jackals
  A quokka (D:3)
  A ball python (D:2)
  7 frilled lizards
  9 kobolds
  7 rats
72 creatures vanquished.

Notes
Turn   | Place    | Note
-------+----------+-------------------------------------------
     0 | D:1      | Glundar the Demonspawn Fighter began the quest for the Orb.
     0 | D:1      | Reached XP level 1. HP: 18/18 MP: 1/1
   102 | D:1      | Gained mutation: You are partially covered in sharp spines.
                  | [demonic ancestry]
   102 | D:1      | Reached XP level 2. HP: 23/24 MP: 2/2
   115 | D:1      | Reached skill level 3 in Shields
   777 | D:2      | Gained mutation: A weak demonic guardian rushes to your
                  | aid. [demonic ancestry]
   777 | D:2      | Reached XP level 3. HP: 29/29 MP: 3/3
  1254 | D:2      | Gained mutation: You have sharp fingernails. [demonic
                  | ancestry]
  1254 | D:2      | Reached XP level 4. HP: 28/35 MP: 4/4
  1920 | D:3      | Found a sacrificial altar of Ru,
  2427 | D:4      | Reached skill level 4 in Shields
  2427 | D:4      | Reached XP level 5. HP: 37/41 MP: 5/5
  2733 | D:4      | Reached skill level 1 in Long Blades
  3016 | D:4      | Found a glowing drain,
  3025 | Sewer    | Entered a sewer
  3122 | Sewer    | Noticed Purgy
  3131 | Sewer    | Killed Purgy
  3131 | Sewer    | Gained mutation: You are partially covered in rugged brown
                  | scales. (AC +1, +3% HP) [demonic ancestry]
  3131 | Sewer    | Reached XP level 6. HP: 37/48 MP: 6/6
  3242 | D:4      | Found an ornate altar of the Wu Jian Council,
  3276 | D:4      | Found a blossoming altar of Fedhas,
  3314 | D:4      | Noticed Menkaure
  3316 | D:4      | Found Beoqe's Distillery,
  3319 | D:4      | Killed Menkaure
  3319 | D:4      | Reached skill level 5 in Shields
  3427 | D:4      | Noticed a slave
  3427 | D:4      | Noticed Pikel
  3428 | D:4      | Noticed a slave
  3428 | D:4      | Noticed a slave
  3432 | D:4      | Noticed a slave
  3436 | D:4      | Killed a slave
  3437 | D:4      | HP: 1/48 [slave[Pikel] (5)]
  3437 | D:4      | Slain by a slave

Levels and vault maps discovered:
D:1:      nicolae_arrival_washed_ashore, layout_rooms
D:2:      layout_basic, first_ration
D:3:      layout_loops_corners, nicolae_ru_great_annihilating_truth
D:4:      layout_loops_ring, cheibriados_altar_1, old_standard_altar,
          fedhas_altar_1, kennysheep_mini, cheibrodos_sewer_entry_drain,
          serial_shops, shop, nicolae_qazlal_general_emergency, uniq_menkaure,
          uniq_pikel, uniq_robin

Skill      XL: |  1  2  3  4  5  6 |
---------------+-------------------+-----
Shields        | 3 4 5 |  5.0
Axes           | 2 3 |  3.4
Armour         | 3 |  3.0
Long Blades    | 2 |  2.2
Fighting       | |  3.2
Unarmed Combat | |  0.2

Action                   |  1- 3 |  4- 6 || total
-------------------------+-------+-------++-------
Melee: War axe           |     8 |       ||     8
       Short sword       |    72 |       ||    72
       Unarmed           |       |    55 ||    55
       Falchion          |       |    41 ||    41
       Broad axe         |       |    11 ||    11
  Use: Scroll            |     2 |     1 ||     3
       Potion            |       |     1 ||     1
 Stab: Distracted        |     1 |       ||     1
       Paralysed         |       |     2 ||     2
  Eat: Chunk             |     1 |    12 ||    13
Armor: Scale mail        |    28 |    40 ||    68
Dodge: Dodged            |    15 |    33 ||    48
Block: Kite shield       |    32 |    49 ||    81
       Rpst.: Falchion   |       |     4 ||     4

Table legend:
 A = Non-vault XP
 B = Vault XP
 C = Vault XP percentage of total XP
 D = Non-vault monster count
 E = Vault monster count
 F = Vault count percentage of total count
                 A         B        C        D         E       F
            +---------+---------+-------+---------+---------+-------
      Total |     261 |     284 |  52.1 |      57 |      14 |  19.7
            +---------+---------+-------+---------+---------+-------
        D:1 |      30 |       0 |   0.0 |      16 |       0 |   0.0
        D:2 |      88 |       0 |   0.0 |      22 |       0 |   0.0
        D:3 |      23 |      33 |  58.9 |      11 |       4 |  26.7
        D:4 |     120 |     121 |  50.2 |       8 |       4 |  33.3
      Sewer |       0 |     130 | 100.0 |       0 |       6 | 100.0
            +---------+---------+-------+---------+---------+-------
